Cogmind - Beta 9.4 @@@ ROGUE MODE // 2020.01.13 @ 23:06:09 Player: eldritch Result: Destroyed by YI-UF0 with YI-UF0's Doublenader Performance ------------- Evolutions (0) 0 Regions Visited (2) 400 Robots Destroyed (8) 40 Value Destroyed (198) 198 Prototype IDs (0) 0 Alien Tech Used (0) 0 Bonus (0) 0 TOTAL SCORE: 638 Bonus ------- None Cogmind --------- Core Integrity 0/250 Matter 300/300 Energy 100/100 System Corruption 0% Temperature Cool (0) Movement Core (100) Ox1 Location -10/Mines Parts ------- > --- POWER (1) -------- (None) > --- PROPULSION (2) --- (None) > --- UTILITY (2) ------ Small Storage Unit Visual Processing Unit > --- WEAPON (2) ------- (None) > --- INVENTORY (6) ---- Light Ion Engine Wheel Compact Wheel Weight Redist. System Improved Signal Interpreter Mini Grenade Launcher Peak State ------------ > --- POWER ------------ Ion Engine > --- PROPULSION ------- Aluminum Leg Aluminum Leg > --- UTILITY ---------- Small Storage Unit Visual Processing Unit > --- WEAPON ----------- EM Pulse Gun EM Pulse Gun > --- INVENTORY -------- Light Ion Engine Light Treads Light Treads Wheel Compact Wheel Small Laser [Rating: 8] Favorites ----------- Power Ion Engine Engine Ion Engine Propulsion Aluminum Leg Leg Aluminum Leg Utility Small Storage Unit Storage Small Storage Unit Processor Visual Processing Unit Weapon EM Pulse Gun Energy Gun EM Pulse Gun Build | -11 -10 -10 ------- Run | Scr Mat Min Slots Evolved . | . . . Power . | . . . Propulsion . | . . . Utility . | . . . Weapon . | . . . Parts Attached 3 | . 2 1 Power . | . . . Engine . | . . . Core . | . . . Reactor . | . . . Propulsion 2 | . 1 1 Treads . | . . . Leg 2 | . 1 1 Wheel . | . . . Hover . | . . . Flight . | . . . Utility 1 | . 1 . Device . | . . . Storage . | . . . Processor 1 | . 1 . Hackware . | . . . Protection . | . . . Artifact . | . . . Weapon . | . . . Energy Gun . | . . . Energy Cannon . | . . . Ballistic Gun . | . . . Ballistic Cannon . | . . . Launcher . | . . . Special Weapon . | . . . Impact Weapon . | . . . Slashing Weapon . | . . . Piercing Weapon . | . . . Special Melee Weapon . | . . . Unidentified Prototypes . | . . . Parts Lost 5 | . . 5 Power 1 | . . 1 Propulsion 2 | . . 2 Utility . | . . . Weapon 2 | . . 2 Highest Loss Streak 5 | . . 5 Average Slot Usage (%) 97 | . 95 98 Engine 13 | . 14 13 Leg 27 | . 28 27 Storage 14 | . 14 14 Processor 12 | . 9 14 Energy Gun 27 | . 28 26 Naked Turns . | . . . Heaviest Build 13 | 13 13 13 Greatest Support 20 | 20 20 20 Greatest Overweight (x) . | . . . Average Overweight (x) . | . . . Largest Inventory Capacity 6 | . 6 6 Average Capacity 6 | . 6 6 Most Carried 6 | . 6 6 Average Carried 5 | . 5 6 Final Capacity 6 | 6 6 6 Final Carried 6 | 6 6 6 Class Distribution -------------------- 100% | Mutant Dominant Class ---------------- Mutant | -10/Materials Mutant | -10/Mines Resources | -11 -10 -10 ----------- Run | Scr Mat Min Matter Collected 227 | 200 17 10 Remotely . | . . . Salvage Created 282 | . 187 95 Parts 24 | . 19 5 Haulers Intercepted 1 | . 1 . Recyclers Shooed . | . . . Parts Field Recycled . | . . . Retrieved Matter . | . . . Parts Self-Destructed . | . . . Prevented . | . . . Kills | -11 -10 -10 ------- Run | Scr Mat Min Combat Hostiles Destroyed 6 | . 4 2 Guns 4 | . 3 1 AOE 2 | . 1 1 Classes Destroyed 4 | . 4 . Tunneler 1 | . 1 . Hauler 1 | . 1 . Swarmer 2 | . 2 . Grunt 4 | . 2 2 Best Kill Streak 2 | . 2 2 Combat Bots Only 2 | . 2 2 Max Kills in Single Turn 1 | . 1 1 Gunslinging . | . . . Exploded 1 | . 1 1 Melee . | . . . Uniques/NPCs Destroyed . | . . . Combat | -11 -10 -10 -------- Run | Scr Mat Min Damage Taken 643 | . 85 558 Core 251 | . 14 237 Absorbed by Shields . | . . . Core Remaining (%) 100 | 100 . . Volleys Fired 26 | . 16 10 Largest 2 | . 2 2 Hottest 80 | . 80 80 Shots Fired 50 | . 32 18 Gun 50 | . 32 18 Cannon . | . . . Launcher . | . . . Special . | . . . Kinetic . | . . . Thermal . | . . . Explosive . | . . . Electromagnetic 50 | . 32 18 Robot Hit Streak 6 | . 4 6 Robot Miss Streak 3 | . 3 3 Penetration Max . | . . . Secondary Targets . | . . . Shots Hit Robots 26 | . 14 12 Core Hits 14 | . 6 8 Critical Hits . | . . . Critical Kills . | . . . Critical Parts Destroyed . | . . . Melee Attacks . | . . . Impact . | . . . Slashing . | . . . Piercing . | . . . Sneak Attacks . | . . . Combat Hostiles . | . . . Follow-up Attacks . | . . . Damage Inflicted 387 | . 198 189 Guns 291 | . 151 140 Cannons . | . . . Explosions 91 | . 47 44 Melee . | . . . Ramming 5 | . . 5 Kinetic . | . . . Thermal 91 | . 47 44 Explosive . | . . . Electromagnetic 291 | . 151 140 Impact . | . . . Slashing . | . . . Piercing . | . . . Highest Corruption . | . . . Average Corruption . | . . . Corruption Purged . | . . . Overload Shots . | . . . Overflow Damage . | . . . Projectiles . | . . . Explosions . | . . . Melee . | . . . Knockbacks . | . . . Impact . | . . . Kinetic . | . . . Secondary . | . . . Self-Inflicted Damage 29 | . 25 4 Shots 2 | . 1 1 Rammed . | . . . Targets Rammed 1 | . . 1 Kicked 1 | . . 1 Crushed . | . . . Highest Temperature 138 | . 90 138 Average Temperature 42 | . 38 49 Received Heat Transfer 57 | . 6 51 Siege Activations . | . . . Robots Corrupted . | . . . Combat Hostiles . | . . . Parts Fried 1 | . . 1 Impact Corruptions . | . . . Robots Melted . | . . . Combat Hostiles . | . . . Parts Melted . | . . . Heat Transferred . | . . . Parts Sabotaged . | . . . Parts Stolen . | . . . Parts Stripped . | . . . Power Chain Reactions 2 | . 1 1 Missiles Intercepted . | . . . Alert | -11 -10 -10 ------- Run | Scr Mat Min Peak Influence 190 | . 190 123 Average Influence 95 | . 112 85 Maximum Alert Level . | . . . Low Security (%) 100 | . 100 100 Level 1 . | . . . Level 2 . | . . . Level 3 . | . . . Level 4 . | . . . Level 5 . | . . . High Security . | . . . Max Security . | . . . Squads Dispatched 1 | . 1 . Investigation . | . . . Extermination . | . . . Reinforcement 1 | . 1 . Assault . | . . . Garrison . | . . . Intercept . | . . . Construction Impeded . | . . . Haulers Reinforced . | . . . Stealth | -11 -10 -10 --------- Run | Scr Mat Min Distress Signals . | . . . Communications Jammed . | . . . Distress Signals . | . . . Times Spotted 19 | . 14 5 Peak Tracking Total 4 | . 4 2 Tactical Retreats 1 | . . 1 Traps | -11 -10 -10 ------- Run | Scr Mat Min Traps Triggered . | . . . Indirectly . | . . . Trap Hack Attempts . | . . . Triggered . | . . . Disarmed . | . . . Reprogrammed . | . . . Reused . | . . . Traps Extracted . | . . . Installed . | . . . Triggered . | . . . Machines | -11 -10 -10 ---------- Run | Scr Mat Min Machines Disabled 2 | . 2 . Max in Single Turn 1 | . 1 . Machines Sabotaged . | . . . Garrisons Compromised . | . . . Overloaded Fab Kills . | . . . Fab Network Shutdowns . | . . . Hacking | -11 -10 -10 --------- Run | Scr Mat Min Machines Accessed 1 | . 1 . Terminals 1 | . 1 . Fabricators . | . . . Repair Stations . | . . . Recycling Units . | . . . Scanalyzers . | . . . Garrison Access . | . . . Total Hacks 2 | . 2 . Successful 2 | . 2 . Failed . | . . . Catastrophic . | . . . Database Lockouts . | . . . Manual 1 | . 1 . Terminals 2 | . 2 . Fabricators . | . . . Repair Stations . | . . . Recycling Units . | . . . Scanalyzers . | . . . Garrison Access . | . . . Terminal Hacks 1 | . 1 . Record 1 | . 1 . Fabricator Hacks . | . . . Repair Station Hacks . | . . . Recycling Unit Hacks . | . . . Scanalyzer . | . . . Garrison Access Hacks . | . . . Unauthorized Hacks 2 | . 2 . Terminals 1 | . 1 . Track 1 | . 1 . Fabricators . | . . . Repair Stations . | . . . Recycling Units . | . . . Scanalyzers . | . . . Garrison Access . | . . . Data Cores Recovered . | . . . Used . | . . . Hacking Detections 1 | . 1 . Full Trace Events . | . . . Feedback Events . | . . . Feedback Blocked . | . . . Robot Schematics Acquired . | . . . Robots Built . | . . . Matter . | . . . Time . | . . . Total Robot Build Rating . | . . . Part Schematics Acquired . | . . . Parts Built . | . . . Matter . | . . . Time . | . . . Total Part Build Rating . | . . . Parts Repaired . | . . . Time . | . . . Parts Recycled . | . . . Recycled Matter . | . . . Retrieved Matter . | . . . Retrieved Components . | . . . Parts Scanalyzed . | . . . Part Schematics Acquired . | . . . Parts Damaged . | . . . Bothacking | -11 -10 -10 ------------ Run | Scr Mat Min Used RIF Installer . | . . . Robots Hacked . | . . . Non-combat . | . . . Combat . | . . . Robot Hacks Applied . | . . . Relay Couplers Released . | . . . Robots Rewired . | . . . Allies Hacked . | . . . Hacks Repelled . | . . . Allies | -11 -10 -10 -------- Run | Scr Mat Min Total Allies . | . . . Largest Group . | . . . Highest-Rated Group . | . . . Highest-Rated Ally . | . . . Total Orders . | . . . Ally Attacks . | . . . Total Damage . | . . . Kills . | . . . Allies Corrupted . | . . . Allies Melted . | . . . Intel | -11 -10 -10 ------- Run | Scr Mat Min Robot Analysis Total . | . . . Derelict Logs Recovered . | . . . Drone Launches . | . . . Drone Recoveries . | . . . Exploration | -11 -10 -10 ------------- Run | Scr Mat Min Turns Passed 853 | . 316 537 Spaces Moved 578 | 1 186 391 Core . | . . . Treads . | . . . Legs 578 | 1 186 391 Wheels . | . . . Hover . | . . . Flight . | . . . Fastest Speed 120 | 120 120 120 Average Speed 120 | 120 120 120 Slowest Speed 120 | 120 120 120 Overloaded Moves . | . . . Propulsion Burnouts . | . . . Robots Hopped . | . . . Cave-ins Triggered . | . . . Exploration Rate (%) 30 | 2 39 50 Regions Visited 2 Branch Regions 1 Pre-discovered Areas . | . . . Known Exits Taken . | . . . Unknown Exits Taken 2 | 1 1 . Scrap Searched 1 | . . 1 Spaces Dug . | . . . Terrain Destroyed 7 | . 2 5 Melee . | . . . Projectile . | . . . AOE 7 | . 2 5 Actions | -11 -10 -10 --------- Run | Scr Mat Min Total 689 | . 248 441 Wait 75 | . 38 37 Move 576 | . 185 391 Hop . | . . . Pick Up 3 | . 3 . Fast Attach 1 | . 1 . Attach . | . . . Detach . | . . . Swap 2 | . 1 1 Drop 5 | . 4 1 Fire 26 | . 16 10 Melee . | . . . Ram . | . . . Kick 1 | . . 1 Crush . | . . . Escape Stasis . | . . . Rewire . | . . . Trap . | . . . Miscellaneous . | . . . Route ------- -11/Scrapyard -10/Materials -10/Mines (discovered 1 exit: [*Mat]) History --------- Turn | Location | Event 1 | -11/Scrapyard | Discovered new exit (range 0) 1 | -11/Scrapyard | Entered Materials 175 | -10/Materials | Discovered new exit (range 15) 306 | -10/Materials | Build established: Mutant 317 | -10/Materials | Entered Mines 474 | -10/Mines | Discovered new exit (range 7) 843 | -10/Mines | Core integrity fell below 50% 853 | -10/Mines | Core integrity fell below 20% 854 | -10/Mines | Destroyed by YI-UF0 with YI-UF0's Doublenader Last Messages --------------- 00615_ The unstable cave ceiling collapses. 00615_ U-05 Engineer lays Concrete. 00615_ K-01 Serf collects debris. 00616_ U-05 Engineer lays Concrete. 00617_ The unstable cave ceiling collapses. 00617_ U-05 Engineer lays Concrete. 00618_ U-05 Engineer builds a Wall. 00619_ K-01 Serf collects debris. 00633_ The unstable cave ceiling collapses. 00645_ K-01 Serf collects debris. 00648_ U-05 Engineer lays Concrete. 00665_ The unstable cave ceiling collapses. 00830_ R-06 Scavenger destroyed. 00833_ The unstable cave ceiling collapses. 00834_ EM Pulse Gun destroyed. 00840_ Aluminum Leg destroyed. 00843_ The unstable cave ceiling collapses. 00846_ Ion Engine destroyed. 00850_ Aluminum Leg destroyed. 00851_ The unstable cave ceiling collapses. Map ----- +----------------------------------------------------+ | ?????## #####???????# ##?# | | ????## ##???????????# #?####### | | ????# #????????????## #????# | | ????# ##?????????????## #???# | | ????## #???????????????## ####???? | | ????## #????????????????## ####??????? | | ???## #??????????################????? | | ???# ##?????????# ###### ##???? | | ???# ######????#! #???? | | ???# ##???#%/## #???# | | ???## ##### #???# | | ???## ##???# | | ???# ###### | | ???# ##### %% | | ???## ###### # | | ????### ####?# # ####### | | ??????# ##### =## g #####?????? | | ??????# ## ## % ###???????????? | | ??????# # #???????????? | | ??????# # = # # #????????????? | | ??????# % ##????????????? | | ??????## % #####????????? | | ???????# #????????? | | ???????# #?????????? | | ???????# %= #????????? | | ???????# @ ## ?????????? | | ???????# # ?????????? | | ???????# ####?# ?????????? | | ???????## # #?????? # ??????????? | | ????????##?# #???????????????????? | | ???????????### #???????????????????? | | ???????????## ##???????????????????? | | ????????????? ##????????????????????? | | ????????????? ?????????????????????? | | ????????????# ?????????????????????? | | ????????????### % ?????????????????????? | | ??????????????? ?????????????????????? | | ??????????????? ?????????????????????? | | ??????????????? ????????????????????? | | ??????????????? ????????????????????? | | ??????????????? ????????????????????? | | ??????????????? ????????????????????? | | ??????????????? ?????????????????????? | | ???????????????????????????????????????? | | ???????????????????????????????????????? | | ???????????????????????????????????????? | | ???????????????????????????????????????? | | ???????????????????????????????????????? | | ???????????????????????????????????????? | | ???????????????????????????????????????? | +----------------------------------------------------+ Best States ------------- Heat Dissipation 25 Energy Generation 10 Energy Capacity 250 Matter Stores 300 Matter Capacity 300 Sight Range 18 Terrain Scan Density 10 Evasion (%) 40 Item Schematics ----------------- None Robot Schematics ------------------ None Fabricated ------------ Nothing Alien Tech Used ----------------- None Achievements -------------- None Challenges ------------ None Game ------ Seed CompositeAluminumBlade Manual? 0 Play Time 00:08:09 Cumulative 207.6 hours Start 2020.01.13 @ 23:00:42 End 2020.01.13 @ 23:06:09 Sessions 1 Manual Loads 0 Difficulty Rogue Special Mode None Game No. 467 Rogue 467 Adventurer 0 Explorer 0 Win Type - Total 4 Types 3/0/0/1/0/0/0 Lore% 62 Gallery% 65 Achievement% 56 Wizard Run 0 Options --------- ASCII 0 Keyboard 0 Movement Arrows Keybinds 0 Fullscreen 1 Font 18/SmallcapsGlow Map View 76x50 Tactical HUD 1 Map Filters NONE Filters NONE Steam 1 RUN: c867b2e1-aa02-4b94-8421-7217f98f03b3